 Dungeon Crawl Stone Soup version 0.27.1-34-g3ba077fa99 (webtiles) character file.

Game seed: 17439790250419027729

203 raph the Stinger (level 5, -1/28 HPs)
             Began as a Deep Elf Venom Mage on Jan 30, 2022.
             Slain by Natasha (4 damage)
             ... on level 3 of the Dungeon.
             The game lasted 00:05:36 (3315 turns).

raph the Stinger (Deep Elf Venom Mage)              Turns: 3315, Time: 00:05:36

Health: -1/28      AC:  2    Str:  5    XL:     5   Next: 51%
Magic:  0/11       EV: 12    Int: 21    God:
Gold:   64         SH:  0    Dex: 15    Spells: 0/10 levels left

rFire    . . .     SeeInvis .   f - +2 whip (pain)
rCold    . . .     Faith    .   (no shield)
rNeg     . . .     Spirit   .   a - +0 robe
rPois    .         Reflect  .   (no helmet)
rElec    .         Harm     .   (no cloak)
rCorr    .         Rampage  .   (no gloves)
Will     .....                  (no boots)
Stlth    ++........             (no amulet)
HPRegen  0.09/turn              (no ring)
MPRegen  0.12/turn              (no ring)

@: no status effects
A: no striking features
a: no special abilities


You were on level 3 of the Dungeon.
You visited 1 branch of the dungeon, and saw 3 of its levels.

You collected 64 gold pieces.

Inventory:

Hand Weapons
 e - a +0 short sword
 f - a +2 whip of pain (weapon)
Missiles
 b - 10 poisoned darts
Armour
 a - a +0 robe (worn)
Wands
 d - a wand of digging (5)
Potions
 c - a potion of attraction {unknown}
 g - a potion of curing {unknown}


   Skills:
 - Level 2.4 Dodging
 - Level 2.4 Stealth
 - Level 3.0 Spellcasting
 - Level 1.1 Transmutations
 + Level 6.9 Poison Magic


You couldn't memorise any spells.
You knew the following spells:

 Your Spells              Type           Power      Damage    Failure   Level
a - Sting                 Tmut/Pois      80%        1d7       2%          1
b - Poisonous Vapours     Pois/Air       34%        N/A       4%          2
c - Mephitic Cloud        Conj/Pois/Air  12%        N/A       16%         3
d - Olgreb's Toxic Radia  Pois           32%        N/A       8%          4

Your spell library contained the following spells:

 Spells                   Type           Power      Damage    Failure   Level


Dungeon Overview and Level Annotations

Branches:
Dungeon (3/15)

Altars:

Annotations:
D:1 blink/apport
D:3 Natasha


Message History

Aiming: Sting (safe; 2% risk of failure)
Press: ? - help, Q - select action, (/) - cycle Shift-Dir - straight line, f/p - endoplasm
Aim: an endoplasm (almost dead, poisoned, 98% to hit)
The sting hits the endoplasm.
The endoplasm partially resists.
The endoplasm looks even sicker.
You kill the endoplasm!
You start resting.
Your magical contamination has completely faded away.
You start resting.
Natasha, Servant of Life and Death comes into view.
Casting: Sting (safe; 2% risk of failure)
Confirm with . or Enter, or press ? or * to list all spells.
Aiming: Poisonous Vapours (safe; 4% risk of failure)
Press: ? - help, Dir - move target, f - Natasha
Aim: Natasha Poisonous vapours surround Natasha!
Natasha is poisoned.
Aiming: Sting (safe; 2% risk of failure)
Press: ? - help, Q - select action, (/) - cycle Shift-Dir - straight line, f/p - Natasha
Aim: Natasha (poisoned, 70% to hit)
The sting misses Natasha.
Aiming: Sting (safe; 2% risk of failure)
Press: ? - help, Q - select action, (/) - cycle Shift-Dir - straight line, f/p - Natasha
Aim: Natasha (lightly wounded, poisoned, 70% to hit)
The sting hits Natasha.
Natasha looks even sicker.
Natasha is moderately wounded.
You hit Natasha but do no damage.
Natasha is heavily wounded.
Natasha claws you!
You closely miss Natasha.
Natasha is severely wounded.
Natasha claws you!
* * * LOW HITPOINT WARNING * * *
Aiming: Sting (safe; 2% risk of failure)
Press: ? - help, Q - select action, (/) - cycle Shift-Dir - straight line, f/p - Natasha
Aim: Natasha (almost dead, very poisoned, 70% to hit)
The sting hits Natasha but does no damage.
Natasha looks even sicker.
Natasha is almost dead.
Natasha claws you.
You die...

.......# .......#####
...........####
..............
#.#...........
#.#...#.....#.
#.#...)..#....
#############.#.†.#.....#.
............#.#.@h........
#.######..#.#.#........#.#
#.# #..#.#.'........# .
#.# #..#.#.#........#
#.######..#.#)##....#.##
#.........#.#.##....#.#
...(........).........#
#)######..#.#.##....#.#
#.# #..#.#.##....#.#


You could see Natasha (very poisoned).

Vanquished Creatures
  Jessica (D:3)
  Natasha (twice) (D:3)
  Terence (D:2)
  An orc wizard (D:3)
  2 adders (D:2)
  A worm (D:2)
  2 dart slugs
  3 orcs (D:3)
  4 ball pythons
  6 endoplasms
  3 giant cockroaches
  2 goblins
  7 hobgoblins
  4 kobolds
  A quokka (D:2)
  2 bats (D:2)
  2 frilled lizards
  4 rats
48 creatures vanquished.

Notes
Turn   | Place    | Note
-------+----------+-------------------------------------------
     0 | D:1      | raph the Deep Elf Venom Mage began the quest for the Orb.
     0 | D:1      | Reached XP level 1. HP: 10/10 MP: 6/6
   175 | D:1      | Reached XP level 2. HP: 15/15 MP: 6/8
   190 | D:1      | Reached skill level 4 in Poison Magic
   776 | D:1      | Learned a level 2 spell: Poisonous Vapours
   908 | D:1      | Noticed a shining eye
   910 | D:1      | Found a faded altar of an unknown god.
   911 | D:1      | Noticed an eye of devastation
   911 | D:1      | Noticed a golden eye
   911 | D:1      | Noticed a shining eye
  1541 | D:2      | Reached XP level 3. HP: 10/19 MP: 2/9
  1679 | D:2      | Learned a level 3 spell: Mephitic Cloud
  1720 | D:2      | Noticed Terence
  1752 | D:2      | Killed Terence
  1753 | D:2      | Reached skill level 5 in Poison Magic
  1904 | D:2      | Reached XP level 4. HP: 24/24 MP: 5/10
  2960 | D:3      | Noticed Natasha
  2960 | D:3      | Noticed Jessica
  2967 | D:3      | Killed Natasha
  2968 | D:3      | Reached skill level 6 in Poison Magic
  3037 | D:3      | Killed Jessica
  3038 | D:3      | Reached XP level 5. HP: 28/28 MP: 3/11
  3107 | D:3      | Learned a level 4 spell: Olgreb's Toxic Radiance
  3291 | D:3      | Noticed Natasha
  3300 | D:3      | Killed Natasha
  3308 | D:3      | Noticed Natasha
  3315 | D:3      | Slain by Natasha

Illustrated notes

Levels and vault maps discovered:
D:1:      lemuel_arrival_lava_pool, layout_basic,
          hellmonk_ecumenical_altar_watching_god
D:2:      layout_basic, uniq_terence
D:3:      layout_basic, minmay_misc_feat_five, uniq_natasha, uniq_jessica,
          uniq_sigmund

Skill      XL: |  1  2  3  4 |
---------------+-------------+-----
Poison Magic   | 4 5 6 |  6.9
Dodging        | |  2.4
Stealth        | |  2.4
Spellcasting   | |  3.0
Transmutations | |  1.1

Action                   |  1- 3 |  4- 6 || total
-------------------------+-------+-------++-------
Melee: Unarmed           |     3 |       ||     3
       Short sword       |     7 |       ||     7
       Whip              |       |    14 ||    14
 Cast: Sting             |    46 |    31 ||    77
       Poisonous Vapours |    11 |    19 ||    30
       Olgreb's Toxic Ra |       |     1 ||     1
  Use: Scroll            |     1 |     3 ||     4
Armor: Robe              |     3 |     5 ||     8
Dodge: Dodged            |    17 |    16 ||    33
